[Event "Croatian Team Cup Final 2022"]
[Site "Vodice"]
[Date "2022.05.20"]
[Round "4.21"]
[White "Tica, Sven"]
[Black "Cop, Tomislav"]
[Result "1-0"]
[ECO "A48"]
[WhiteElo "2438"]
[BlackElo "2304"]
[Annotator "TA"]
[PlyCount "115"]
[EventDate "2022.05.18"]
[EventType "team-tourn"]
[EventCountry "CRO"]
[SourceTitle "playchess.com"]
[Source "ChessBase"]
[SourceQuality "1"]
[TimeControl "40/5400+30:1800+30"]

1. Nf3 Nf6 2. d4 g6 3. Nbd2 c5 4. dxc5 Bg7 5. e3 Qa5 6. a3 Qxc5 7. b4 Qc7 8. Bb2 O-O 9. c4 b6 10. Be2 Bb7 11. O-O d6 12. Rc1 Nbd7 13. Nd4 Rac8 {[%emt 0:07:07] A48: 1 d4 Nf6 2 Nf3 g6: Torre, London and Colle Systems.} 14. Bf3 a6 15. b5 {[%emt 0:23:56] [#]} Ne5 $146 {[%emt 0:06:32] The position is equal.} ({Predecessor:} 15... e5 16. Bxb7 Qxb7 17. Nc6 Nb8 18. Nxb8 Rxb8 19. Qf3 Qxf3 20. gxf3 Ra8 21. Rfd1 axb5 22. cxb5 {1-0 (41) Nisipeanu,L (2671)-Ivic,V (2571) Reykjavik 2021}) 16. Bxb7 Qxb7 17. Qe2 axb5 18. cxb5 Ne4 19. Nxe4 Qxe4 20. Rfd1 (20. f3 $5 Qd3 21. Qxd3 Nxd3 22. Rxc8 Rxc8 23. Nc6 $1 $11) 20... h5 (20... Rxc1 $11 21. Bxc1 Rc8) 21. f3 $1 $14 Qb7 22. f4 Ng4 23. h3 Rxc1 24. Rxc1 Nf6 25. Nc6 Ra8 (25... e6 $11 {keeps the balance.}) 26. e4 $16 e6 27. Bd4 (27. f5 $16) 27... Ne8 ({Black should play} 27... Nd7 $14) 28. Bxg7 {[%emt 0:01:32] 0x0.000a5ab2bb5bdp-1022s more active pieces.} Nxg7 29. Qb2 d5 (29... Kh7 $142) 30. exd5 exd5 {[%emt 0:00:02] [#]} 31. Qf6 (31. Re1 $1 $18) 31... Re8 32. Rd1 (32. Ne5 $16) 32... Qd7 $11 33. Ne5 Qe6 34. Qxe6 Nxe6 {[%emt 0:00:06][%mdl 4096] Endgame KRN-KRN} 35. Nd7 {[%emt 0:00:05] Strongly threatening Nf6+.} Kg7 {[%emt 0:01:38] Against Nf6} (35... Re7 $1 $11 {and Black is okay.} 36. Rxd5 Nxf4) 36. a4 $18 ({Not} 36. Nxb6 Rb8 37. Nxd5 Rxb5 $11) 36... Nxf4 37. Nxb6 d4 38. Kf1 Ne6 39. Nd5 {[%emt 0:03:51] aiming for a5.} Rd8 (39... Ra8 $142) 40. Nb4 Ra8 41. Ra1 (41. Na6 $18) 41... Nc5 $16 42. a5 Nb3 43. Ra3 Rxa5 44. Rxb3 Rxb5 {[%emt 0:00:02] KRN-KR} 45. Ke2 h4 (45... Re5+ $16 46. Kf3 h4) 46. Kd3 Rg5 47. Rb2 ({Much less strong is} 47. Kxd4 Rxg2 48. Nd5 Kh6 $16) 47... Rg3+ 48. Kxd4 g5 $2 (48... Ra3 49. Nd5 Ra7) 49. Nd5 $18 Ra3 50. Ke4 Ra5 51. Rb6 Ra2 52. Ne3 Rf2 $2 (52... f6 $18 53. Ng4 Ra4+ 54. Kd5 Rf4) 53. Nf5+ {[%emt 0:01:19] White mates.} Kg8 54. Ke5 Rxg2 55. Kf6 g4 56. Rb8+ Kh7 57. Rb4 gxh3 58. Rxh4+ {[%emt 0:00:09] Weighted Error Value: White=0.11 (very precise) /Black=0.45} 1-0

[Event "Croatian Team Cup Final 2022"]
[Site "Vodice"]
[Date "2022.05.21"]
[Round "5.1"]
[White "Kozul, Zdenko"]
[Black "Saric, Ivan"]
[Result "1/2-1/2"]
[ECO "D43"]
[WhiteElo "2621"]
[BlackElo "2693"]
[Annotator "TA"]
[PlyCount "82"]
[EventDate "2022.05.18"]
[EventType "team-tourn"]
[EventCountry "CRO"]
[SourceTitle "playchess.com"]
[Source "ChessBase"]
[SourceQuality "1"]
[TimeControl "40/5400+30:1800+30"]

1. d4 d5 2. c4 c6 3. Nf3 Nf6 4. Nc3 e6 5. Bg5 h6 6. Bh4 dxc4 7. e4 g5 8. Bg3 b5 9. Be2 {[%emt 0:02:02][%mdl 1024] White has compensation.} Bg7 {[%emt 0:03:19] D43: Semi-Slav: 5 Bg5 h6.} 10. O-O O-O 11. a4 {[%emt 0:02:58] [#]} b4 $146 (11... g4 $11 12. Ne1 b4) ({Predecessor:} 11... a6 12. axb5 cxb5 13. e5 Nh5 14. Nxb5 axb5 15. Rxa8 Bb7 16. Ra1 Nc6 17. h3 Nxg3 18. fxg3 {½-½ (66) Moiseenko,A (2706)-Grachev,B (2705) Sochi 2012}) 12. e5 $1 $14 Nh5 13. Ne4 c5 14. Rc1 ({Of course not} 14. dxc5 Nxg3 15. hxg3 (15. Nxg3 Bb7 $11) (15. fxg3 Nd7 $11) 15... Nd7 $14) ({White should play} 14. Nxc5 $16 Nxg3 15. hxg3 (15. fxg3 g4 $11)) 14... Nxg3 15. hxg3 g4 (15... cxd4 $1 $15 {keeps the upper hand.} 16. Rxc4 Nd7) 16. Nf6+ $16 Bxf6 17. exf6 Bb7 {[%emt 0:05:19] [#]} (17... h5 $14) 18. Ne5 $1 Qd5 19. f3 {[%emt 0:00:26] White is more active.} Nc6 {[%emt 0:11:57] [#]} 20. Nxg4 (20. Nxc6 $1 $16 Bxc6 21. Rxc4 gxf3 22. Rxf3) 20... Qxd4+ ({Better is} 20... h5 $14 21. Ne3 Qg5) 21. Qxd4 $18 cxd4 $2 (21... Nxd4 {is more resistant.} 22. Bxc4 h5) 22. Bxc4 $2 (22. Kf2 $18) 22... h5 $14 23. Bb5 (23. Nf2 $5 ) 23... hxg4 {[%emt 0:02:09] The position is equal.} 24. Bxc6 Bxc6 25. Rxc6 $11 {[%emt 0:00:06][%mdl 4096] Endgame KRR-KRR} Rac8 26. Rfc1 Rxc6 27. Rxc6 {[%emt 0:00:02] KR-KR} Rd8 {[%emt 0:05:57] Inhibits Rd6.} 28. Kf2 Rd5 29. Ke2 a5 30. Rc7 Rh5 31. Ra7 Rh2 32. fxg4 Rxg2+ 33. Kd3 Rxg3+ 34. Kc4 (34. Kxd4 $5 Rxg4+ 35. Kc5 $11) 34... Rxg4 35. Rxa5 {[%emt 0:00:06] Black must now prevent Ra8+.} Kh7 36. Ra8 {[%emt 0:01:30] aiming for Rf8.} Rg2 37. Kb3 d3 {[%emt 0:01:55] ...e5 is the strong threat.} 38. Rf8 d2 39. Rxf7+ Kg6 40. Rd7 {[%emt 0:00:00] Strongly threatening f7.} Kxf6 41. Kxb4 {[%emt 0:05:47] Threatens to win with Kc3.} Ke5 $2 {[%emt 0:00:49][%mdl 40960] Weighted Error Value: White=0.27 (precise) /Black=0.39. An unexpected result.} (41... d1=R $11 42. Rxd1 Rxb2+ 43. Kc3 Rh2) 1/2-1/2

[Event "Croatian Team Cup Final 2022"]
[Site "Vodice"]
[Date "2022.05.21"]
[Round "5.2"]
[White "Markus, Robert"]
[Black "Stevic, Hrvoje"]
[Result "1/2-1/2"]
[ECO "D28"]
[WhiteElo "2613"]
[BlackElo "2558"]
[Annotator "TA"]
[PlyCount "61"]
[EventDate "2022.05.18"]
[EventType "team-tourn"]
[EventCountry "CRO"]
[SourceTitle "playchess.com"]
[Source "ChessBase"]
[SourceQuality "1"]
[TimeControl "40/5400+30:1800+30"]

1. d4 d5 2. c4 dxc4 3. Nf3 Nf6 4. e3 e6 5. Bxc4 c5 6. Qe2 a6 7. dxc5 Bxc5 8. O-O Nc6 9. a3 Bd6 {[%emt 0:02:58] D28: Queen's Gambit Accepted: Classical main line: 7 Qe2 with early ...Nc6.} 10. Nbd2 O-O 11. b4 b5 12. Bb3 {[%emt 0:00:52] [#]} Ne5 $146 ({Predecessor:} 12... a5 13. Bb2 axb4 14. axb4 Rxa1 15. Rxa1 Qb6 16. Bxf6 gxf6 17. Ne4 Be7 18. Qb2 e5 {½-½ (29) Perez Lopez,A (2349)-Dessaules,P (2374) ICCF email 2017}) 13. Bb2 Nxf3+ 14. Qxf3 Ra7 15. Ne4 Nxe4 16. Qxe4 Rd7 17. Qg4 {[%emt 0:03:07][%csl Gb2][%cal Rg4g7] [#]} g6 18. Rfd1 h5 19. Qe2 Bb7 {[%emt 0:02:18] The position is equal.} 20. h3 Qe7 21. Rd2 Rfd8 {[%emt 0:01:17][%cal Od6h2] [#] aiming for ...Bh2+!} 22. Rad1 Bc7 ({Don't play} 22... Qg5 23. f4 Qh4 24. Qf2 $14) 23. f3 Bb6 24. Bd4 Bxd4 25. Rxd4 Rxd4 26. Rxd4 Rxd4 27. exd4 $11 {[%emt 0:00:06] KQB-KQB} Qd8 28. Qe5 Bd5 29. Bxd5 Qxd5 30. Qxd5 exd5 31. g4 {[%emt 0:00:04] Weighted Error Value: White=0.04 (flawless) /Black=0.03 (flawless)} 1/2-1/2

[Event "Croatian Team Cup Final 2022"]
[Site "Vodice"]
[Date "2022.05.21"]
[Round "5.3"]
[White "Palac, Mladen"]
[Black "Jovanic, Ognjen"]
[Result "1-0"]
[ECO "C00"]
[WhiteElo "2505"]
[BlackElo "2509"]
[Annotator "TA"]
[PlyCount "69"]
[EventDate "2022.05.18"]
[EventType "team-tourn"]
[EventCountry "CRO"]
[SourceTitle "playchess.com"]
[Source "ChessBase"]
[SourceQuality "1"]
[TimeControl "40/5400+30:1800+30"]

1. e4 e5 2. Nf3 Nc6 3. Bb5 Nf6 4. d3 Bc5 5. c3 O-O 6. O-O d5 7. Nbd2 dxe4 8. dxe4 Qe7 9. b4 {[%emt 0:03:30] C00: French: Unusual White 2nd moves.} Bb6 10. a4 {[%emt 0:14:58] [#] Black must now prevent a5.} a5 $146 ({Predecessor:} 10... a6 11. Be2 Nb8 12. Qc2 Bg4 13. Nc4 Bxf3 14. Bxf3 Ba7 15. Bg5 h6 16. Bh4 Nbd7 {1-0 (40) Rakhmangulova,A (2174)-Lomakina,A (2009) Kharkov 2021}) 11. Bxc6 {[%emt 0:15:06] The position is equal.} bxc6 12. Ba3 Rd8 13. bxa5 Bc5 14. Bxc5 Qxc5 15. Nb3 Qe7 16. Qc2 Be6 17. c4 Nd7 18. Qc3 Rdb8 19. Rfc1 Rb4 20. Nfd2 c5 21. Rc2 Qd6 22. h3 Qc6 23. Rca2 h6 24. Nc1 Rxa5 25. Qc2 ({Reject} 25. Nd3 Rbxa4 26. Qxa5 (26. Nxe5 $2 Nxe5 27. Rxa4 Rxa4 $19) 26... Rxa5 27. Rxa5 Qd6 $15) 25... f6 26. Nd3 Rb8 27. Nb3 Ra7 28. f3 Rab7 $2 {[%emt 0:09:49] This move loses the game for Black.} (28... Qd6 $11) 29. Na5 $1 $18 Qd6 30. Nxb7 {[%emt 0:00:04] Pair of Knights!} Qd4+ 31. Kh1 Bxc4 $2 {[%emt 0:00:15] [#]} (31... Rxb7 32. Ra3 Nb8) 32. Nbxc5 $1 {[%emt 0:01:18] White is clearly winning.} Nxc5 33. Nxc5 {[%emt 0:00:03][%cal Oa1d1] Strongly threatening Rd1!} Qxc5 34. Rc1 Rb4 35. Rb2 {[%emt 0:00:14] Weighted Error Value: White=0.02 (flawless) /Black=0.26 (precise)} 1-0

[Event "Croatian Team Cup Final 2022"]
[Site "Vodice"]
[Date "2022.05.21"]
[Round "5.4"]
[White "Srbis, Jurica"]
[Black "Zelcic, Robert"]
[Result "1/2-1/2"]
[ECO "B11"]
[WhiteElo "2451"]
[BlackElo "2497"]
[Annotator "TA"]
[PlyCount "85"]
[EventDate "2022.05.18"]
[EventType "team-tourn"]
[EventCountry "CRO"]
[SourceTitle "playchess.com"]
[Source "ChessBase"]
[SourceQuality "1"]
[TimeControl "40/5400+30:1800+30"]

1. e4 c6 2. Nc3 d5 3. Nf3 Bg4 4. h3 Bxf3 5. Qxf3 e6 6. Be2 Bc5 {[%emt 0:06:33] B11: Caro-Kann: Two Knights Variation.} 7. O-O Nd7 8. exd5 cxd5 9. Rd1 Ngf6 10. d4 Bd6 {[%emt 0:00:16] [#]} 11. Nb5 $146 ({Predecessor:} 11. Bd3 O-O 12. Bg5 Qb6 13. h4 a6 14. Rab1 Kh8 15. Ne2 Rae8 16. Qh3 Bb8 17. h5 {0-1 (50) Maenhout,T (2394)-Crevatin,L (2160) Guimaraes 2021}) 11... Be7 12. c4 O-O 13. Bf4 dxc4 14. Qxb7 Nd5 15. Bg3 $36 {[%emt 0:01:37][%mdl 2048] Black is under pressure.} a6 16. Nc3 N7b6 (16... Qc8 $11 17. Qxc8 Raxc8) 17. Nxd5 $16 {[%emt 0:03:53] White is more active.} Nxd5 18. Bxc4 Bd6 19. Bxd5 ({Weaker is} 19. Bxa6 Bxg3 20. fxg3 Rb8 $17) 19... exd5 20. Qxd5 Bxg3 21. Qxd8 Bxf2+ 22. Kxf2 Rfxd8 {[%emt 0:00:06][%mdl 4096] Endgame KRR-KRR} 23. Rac1 Rab8 24. b3 Rb6 25. d5 h5 26. Rd4 Rg6 27. b4 Rdd6 (27... Kf8 $16 28. Rc5 Ke7 29. Re4+ Kd7) 28. g4 (28. Rc8+ $18 Kh7 29. a4) 28... hxg4 (28... Kf8 $16 {was worth a try.} 29. Ke3 (29. gxh5 Rg5 $16) 29... hxg4) 29. hxg4 (29. Rc8+ $18 Kh7 30. hxg4) 29... Kf8 30. a4 (30. Kf3 $142) 30... Ke7 {[%emt 0:00:24] [#]} (30... Rg5 $16) 31. Ke3 $1 $18 Rg5 32. Rc5 (32. Rc7+ $18 {is more deadly.} Ke8 33. Rc5) 32... Kd7 (32... f5 $16 {was necessary.}) 33. Rf4 f6 34. Kd4 Rb6 35. b5 axb5 36. Rxb5 (36. axb5 $18 Rb7 37. Kc4) 36... Rxb5 $11 {[%emt 0:00:25] The position is equal.} 37. axb5 $18 {[%emt 0:00:01] [#] aiming for Kc5. KR-KR} Kd6 38. Kc4 {[%emt 0:02:46] b6 is the strong threat.} Rxd5 39. Rd4 Rxd4+ 40. Kxd4 g6 41. b6 Kc6 42. b7 Kxb7 {[%emt 0:00:05] ( -> ...Kc6)} 43. Kd5 $1 {[%emt 0:00:01] Black defended with fortune.  Weighted Error Value: White=0.20 (precise) /Black=0.28 (precise)} 1/2-1/2

[Event "Croatian Team Cup Final 2022"]
[Site "Vodice"]
[Date "2022.05.21"]
[Round "5.5"]
[White "Martinovic, Sasa"]
[Black "Lalic, Bogdan"]
[Result "1-0"]
[ECO "D94"]
[WhiteElo "2552"]
[BlackElo "2411"]
[Annotator "TA"]
[PlyCount "109"]
[EventDate "2022.05.18"]
[EventType "team-tourn"]
[EventCountry "CRO"]
[SourceTitle "playchess.com"]
[Source "ChessBase"]
[SourceQuality "1"]
[TimeControl "40/5400+30:1800+30"]

1. d4 d5 2. Nf3 Nf6 3. c4 c6 4. e3 g6 5. Nc3 Bg7 6. Be2 O-O 7. O-O a6 {[%emt 0:00:14] is recently more successful than 7...Bg4.} 8. a4 a5 9. Bd2 {[%emt 0:02:04] D94: Grünfeld: 4 Nf3 Bg7 5 e3.} Na6 10. cxd5 cxd5 11. Qb3 {[%emt 0:03:26] White is slightly better.} Nb4 12. Rfc1 Nc6 {[%emt 0:03:46] [#]} 13. Ne5 $5 $146 {[%emt 0:10:14][%mdl 8] An interesting novelty.} ({Predecessor:} 13. h3 Rb8 14. Ne5 Nxe5 15. dxe5 Ne4 16. Nxe4 dxe4 17. Bc3 b6 18. Bc4 e6 19. Rd1 {0-1 (65) Pranavananda,V (2166)-Bhakti,K (2292) Mumbai 2017}) 13... Nxe5 14. dxe5 Ne4 15. Nxe4 dxe4 16. Bc3 Qc7 17. Bd4 Qb8 18. Rc5 Bd7 19. Rac1 b6 20. Rc7 Ra7 21. Qxb6 {[%emt 0:10:27] 0x0.001df507c8abdp-1022s more active pieces. The black rooks are badly placed.} (21. Bxb6 $6 Rxc7 22. Rxc7 Rd8 $14) 21... Qxb6 22. Bxb6 Rxc7 23. Rxc7 (23. Bxc7 Bxa4 24. Rc5 (24. Bxa5 Bxe5 25. Rc4 Bd7 $14) 24... Bb3 $16) 23... Bxa4 24. Rxe7 (24. Bxa5 Bxe5 25. Rxe7 Re8 26. Rxe8+ Bxe8 $16) 24... Rb8 (24... Rc8 $16 25. Rc7 (25. Bxa5 $2 Rc1+ 26. Bf1 Bb5 $19) 25... Rxc7 26. Bxc7 Bc6) 25. Bd4 $18 (25. Bxa5 $2 Rxb2 26. Bf1 Rb1 $19) 25... Bb3 26. Ba6 {[%emt 0:08:29] Against Rc8} a4 (26... Bf8 {was necessary.} 27. Rb7 Rxb7 28. Bxb7 Bc2) 27. h4 Bf8 28. Ra7 Bd5 29. Be2 Ra8 30. Rxa8 ({White should try} 30. Rc7) 30... Bxa8 $16 {[%emt 0:00:06][%mdl 4096] Endgame KBB-KBB} 31. Bc4 {[%emt 0:00:02] aiming for e6.} Be7 32. h5 gxh5 33. Kh2 a3 (33... Bc6 $14) 34. bxa3 Bxa3 35. Kg3 Be7 36. Kf4 {[%emt 0:00:34] Hoping for e6.} Bh4 37. g3 Be7 38. e6 fxe6 39. Bxe6+ Kf8 40. Bf5 h4 41. Be5 {[%emt 0:18:17] Black must now prevent g4.} ({Wrong is} 41. Bxh7 $2 h3 42. Bxe4 Bxe4 43. Kxe4 h2 $19) ({Much worse is} 41. Bxe4 Bd6+ 42. Kf5 (42. Be5 Bxe5+ 43. Kxe5 Bxe4 $17) 42... Bxe4+ 43. Kxe4 hxg3 44. fxg3 Bxg3 $11) 41... hxg3 42. fxg3 h5 43. Bxe4 (43. Bg6 $5 h4 44. g4 $16 (44. Bxe4 Bxe4 45. Kxe4 hxg3 $11)) 43... Bxe4 44. Kxe4 $14 {[%emt 0:00:02] KB-KB} Kf7 45. Kf5 h4 46. g4 {[%emt 0:00:20] Black should prevent Ke4.} Bc5 (46... h3 $1 $11) 47. Bf4 h3 $2 {[%emt 0:01:06][%mdl 8192] [#] This costs Black the game.} (47... Kg7 $16 48. Ke4 Kf6) 48. Ke4 $1 $18 Bb4 49. Kf3 Be1 50. Ke2 Bh4 {[%emt 0:00:07] [#]} 51. Kf1 $1 Ke6 52. e4 Bf6 53. Kg1 Be5 54. Bxe5 Kxe5 55. g5 {[%emt 0:00:48] Weighted Error Value: White=0.13 (very precise) /Black=0.41} 1-0

[Event "Croatian Team Cup Final 2022"]
[Site "Vodice"]
[Date "2022.05.21"]
[Round "5.6"]
[White "Zaja, Ivan"]
[Black "Livaic, Leon"]
[Result "0-1"]
[ECO "D35"]
[WhiteElo "2449"]
[BlackElo "2562"]
[Annotator "TA"]
[PlyCount "96"]
[EventDate "2022.05.18"]
[EventType "team-tourn"]
[EventCountry "CRO"]
[SourceTitle "playchess.com"]
[Source "ChessBase"]
[SourceQuality "1"]
[TimeControl "40/5400+30:1800+30"]

1. d4 Nf6 2. c4 e6 3. Nc3 d5 4. cxd5 exd5 5. Bg5 c6 6. e3 Be6 {[%emt 0:01:06] D35: Queen's Gambit Declined: Exchange Variation.} 7. Bd3 Nbd7 8. Nge2 h6 {[%emt 0:00:07] White has an edge.} 9. Bh4 g5 {[%emt 0:00:18] Against Nf4} 10. Bg3 Nh5 $1 {[%emt 0:00:09] [#]} 11. f4 $146 (11. a3 $1 $11) ({Predecessor:} 11. Qc2 Nxg3 12. Nxg3 h5 13. O-O-O Qf6 14. Nf5 O-O-O 15. h3 h4 16. Kb1 Kb8 17. Rhf1 {1-0 (47) Salem,A (2690)-Mastrovasilis,D (2627) Warsaw 2021}) 11... Ndf6 12. fxg5 hxg5 (12... Ng4 {is more complex.} 13. Nf4 Nxg3 14. hxg3 Qxg5 15. Qf3 O-O-O) 13. Be5 Bd6 14. Bxd6 Qxd6 15. Qd2 O-O-O {[%emt 0:01:59] Black is more active.} 16. h3 g4 17. O-O-O gxh3 18. gxh3 Rdg8 19. Rdf1 Rg2 20. Qe1 Qf8 21. Rf2 Rgg8 22. Rf3 Qh6 23. Qh4 Ne8 24. Rhf1 Nd6 25. Qe7 Bd7 26. Kd2 ({Not} 26. Rxf7 $2 Nxf7 27. Rxf7 Qe6 28. Qxe6 Bxe6 $19) ({White should try} 26. Rf6 $15 Nxf6 27. Rxf6 Qxh3 28. Qxd6) 26... f5 $1 $17 ({Inferior is} 26... Re8 27. Qh4 $15) 27. Qe5 Rg2 {[%emt 0:03:32] Prevents Qh2.} 28. Qe7 Rh7 ({Stronger than} 28... Re8 29. Qh4 $17) 29. Qh4 {[%emt 0:00:07] [#]} Ng3 $1 {[%emt 0:01:40][%mdl 512] The board is on fire.} 30. Qxg3 Rxg3 31. Rxg3 Nc4+ 32. Bxc4 dxc4 33. Nf4 b5 34. Rg6 Qf8 (34... Qh4 $142 35. a3 Re7) 35. Rfg1 {[%emt 0:01:44] Threatens to win with Rg8.} Qb4 36. Kc2 Qe7 37. R6g3 a5 38. Ng6 Qd6 39. Ne5 $2 {[%emt 0:00:21] This costs White the game.} (39. Nf4 $17 {might work better.}) 39... Re7 (39... f4 $142 40. Rg8+ Kb7) 40. Rg6 Re6 41. h4 {[%emt 0:03:49] [#]} (41. a4 {keeps fighting.}) 41... Rxg6 $1 $19 42. Rxg6 Qe7 {[%emt 0:00:18] aiming for ...f4.} 43. h5 {[%emt 0:01:41] [#]} f4 $1 44. e4 {[%emt 0:12:33] Prevents Bf5.} (44. exf4 $142 Bf5+ 45. Kd2 Bxg6 46. hxg6) 44... f3 45. Rg3 $2 (45. Nxf3 b4 46. h6 bxc3 47. Ne5 cxb2 48. Kxb2) 45... f2 {[%emt 0:02:25] Black is clearly winning.} 46. Rf3 Qh4 {[%emt 0:01:03] And now ...Qh2 would win.} 47. Rf8+ Kc7 48. Rf7 Qh2 {[%emt 0:00:37] Weighted Error Value: White=0.48/Black=0.17 (very precise)} 0-1

[Event "Croatian Team Cup Final 2022"]
[Site "Vodice"]
[Date "2022.05.21"]
[Round "5.7"]
[White "Cvitan, Ognjen"]
[Black "Kovacevic, Blazimir"]
[Result "1/2-1/2"]
[ECO "C01"]
[WhiteElo "2454"]
[BlackElo "2401"]
[Annotator "TA"]
[PlyCount "42"]
[EventDate "2022.05.18"]
[EventType "team-tourn"]
[EventCountry "CRO"]
[SourceTitle "playchess.com"]
[Source "ChessBase"]
[SourceQuality "1"]
[TimeControl "40/5400+30:1800+30"]

1. d4 e6 2. e4 d5 3. exd5 exd5 4. Nf3 Nc6 5. Bb5 Bd6 6. c4 dxc4 7. d5 a6 8. Ba4 b5 9. dxc6 bxa4 ({But not} 9... Qe7+ 10. Be3 bxa4 11. O-O $14) 10. O-O {[%emt 0:01:52] C01: French: Exchange Variation.} Ne7 11. Nbd2 Be6 12. Qxa4 Bd5 13. Nxc4 O-O 14. Nxd6 Qxd6 15. Qf4 {[%emt 0:01:25] [#] A balanced but interesting game.  Weighted Error Value: White=0.00 (flawless) /Black=0.02 (flawless)} {Predecessor:} Qxc6 $146 16. Be3 Ng6 17. Qg3 Bxf3 18. Qxf3 Qxf3 19. gxf3 Rfb8 20. b3 a5 21. Rfc1 Rb7 {½-½ (60) Chatzieleftheriou,A (2258)-Siniauski,A (2233) Corum 2019} 1/2-1/2

[Event "Croatian Team Cup Final 2022"]
[Site "Vodice"]
[Date "2022.05.21"]
[Round "5.8"]
[White "Loncar, Robert"]
[Black "Kurajica, Bojan"]
[Result "0-1"]
[ECO "A15"]
[WhiteElo "2370"]
[BlackElo "2531"]
[Annotator "TA"]
[PlyCount "70"]
[EventDate "2022.05.18"]
[EventType "team-tourn"]
[EventCountry "CRO"]
[SourceTitle "playchess.com"]
[Source "ChessBase"]
[SourceQuality "1"]
[TimeControl "40/5400+30:1800+30"]

1. Nf3 Nf6 2. c4 b6 3. g3 Bb7 4. Bg2 g6 5. b3 Bg7 6. Bb2 O-O 7. O-O e6 8. Nc3 {[%emt 0:07:23] A15: English Opening: 1...Nf6.} d5 9. d4 Na6 10. cxd5 {[%emt 0:05:09] The position is equal.} (10. Ne5 {is interesting.} Ne4 11. e3 c5 12. Qe2) 10... exd5 11. Ne5 c5 12. Na4 Qe7 13. dxc5 {[%emt 0:11:50] [#]} (13. Rc1 $11) 13... bxc5 $2 (13... b5 $1 $17 14. c6 Bc8 15. Nxg6 hxg6) 14. Nd3 Rfd8 15. Rc1 {[%emt 0:01:24][%cal Ra4c5] Prevents c4.} Rac8 {[%emt 0:00:52] [#]} 16. Nf4 $146 (16. e3 $14) ({Predecessor:} 16. Ba3 Ne4 17. Qe1 Bh6 18. Rc2 Bf8 19. Qa5 Nb4 20. Rxc5 Nc6 21. Rxc6 Qxa3 22. Rxc8 Rxc8 23. Qxa7 {1-0 (38) Dizdarevic,E (2405)-Deze,A (2365) Pula 1984}) 16... d4 $15 17. Bxb7 Qxb7 18. Nd3 Rd5 {[%emt 0:01:28] Black is more active.} (18... Qb5 $15) 19. Nf4 Rd7 20. Nd3 Rdc7 21. Rc2 Ne4 22. Qc1 {[%emt 0:00:14] Now White is beyond hope.} ({White should try} 22. f3 $15 Nf6 23. e4) 22... Nb4 $19 23. Nxb4 cxb4 24. Rxc7 Rxc7 $40 {[%emt 0:00:19][%cal Bc8c7,Bc7e7,Be7e6][%mdl 160] Black attacks with force.} ({Inferior is} 24... Qxc7 25. Qxc7 Rxc7 26. Rc1 $15) 25. Qf4 (25. Qd1 {was the only defense.}) 25... Nc3 26. Nxc3 (26. Re1) 26... bxc3 {[%emt 0:00:58] Black is clearly winning.} ({Weaker is} 26... dxc3 27. Bc1 $17) 27. Bc1 Re7 28. Qd6 {[%emt 0:01:58] [#] Threatens to win with Qd8+.} h6 29. Re1 Re6 30. Qd8+ Kh7 31. e3 Qa6 32. Rd1 {[%emt 0:03:02] Inhibits d3.} Qe2 33. Rf1 d3 34. Qd7 d2 35. Ba3 c2 {[%emt 0:00:22] Weighted Error Value: White=0.71/Black=0.13 (very precise)} 0-1